AoeStats
← (° ^ °)???

Arena

508663136Analyzed
4v4 RM · 9d ago on Sep 23, 2026· 37m 50s· 8 players
Game mode
Random Map
Map size
Large (8 player)
Population
200
Speed
Normal
Resources
Standard
Victory
Conquest
Starting age
Dark Age
Ending age
Imperial Age
RankedLock teamsTeams togetherTeam positionsShared explorationLock speedFull tech treeHidden civsTurbo modeCheats
Victory
Defeat
🇨🇳 Persians · China
1696
+10
🇨🇳 Saxons · China
1553
+15
🇸🇬 Danes · Singapore
1541
+16
🇨🇳 Varangians · China
1531
+16
🇭🇰 Japanese · Hong Kong SAR China
1581
-16
🇦🇷 Koreans · Argentina
1554
-15
🇨🇳 Saxons · China
1548
-14
🇦🇷 Khmer · Argentina
1481
-12
(° ^ °)???
3:58 Loom
10:52 Feudal Age
14:30 Castle Age
13:07 Double-Bit Axe
13:05 Horse Collar
15:05 Fletching
14:42 Crossbowman
18:14 Loom
20:10 Town Watch
21:07 Wheelbarrow
20:38 Fletching
21:49 Bow Saw
22:33 Bodkin Arrow
23:48 Gold Mining
24:53 Padded Archer Armor
25:19 Town Watch
31:02 Town Patrol
31:24 Hand Cart
32:02 Leather Archer Armor
33:26 Thumb Ring
40:07 Imperial Age
EWC KukaLLi7
10:41 Feudal Age
11:14 Loom
13:55 Castle Age
12:05 Double-Bit Axe
12:43 Horse Collar
13:16 Gold Mining
14:02 Bloodlines
14:59 Bow Saw
15:26 Heavy Plow
18:47 Wheelbarrow
20:47 Husbandry
20:54 Scale Barding Armor
26:14 Forging
28:16 Chain Barding Armor
28:32 Iron Casting
29:32 Hand Cart
33:04 Imperial Age
32:07 Fletching
34:16 Conscription
34:35 Plate Barding Armor
35:51 Blast Furnace
35:28 Town Watch
35:46 Elite Battle Elephant
37:07 Bodkin Arrow
mbxmm
10:28 Feudal Age
12:25 Double-Bit Axe
15:12 Castle Age
12:56 Horse Collar
15:04 Loom
18:08 Bow Saw
26:05 Wheelbarrow
25:22 Stone Mining
25:22 Gold Mining
29:25 Imperial Age
27:41 Gold Shaft Mining
27:32 Scale Mail Armor
27:33 Squires
27:52 Hand Cart
27:43 Treadmill Crane
27:42 Pikeman
28:40 Forging
29:10 Chain Mail Armor
29:03 Arson
30:35 Iron Casting
30:37 Conscription
29:39 Halberdier
30:57 Yasama
31:29 Plate Mail Armor
32:00 Two-Man Saw
32:31 Blast Furnace
31:32 Gambesons
33:27 Guard Tower
33:58 Ballistics
33:26 Man-at-Arms
34:13 Fletching
34:31 Long Swordsman
35:31 Bodkin Arrow
36:39 Chemistry
35:05 Two-Handed Swordsman
35:48 Champion
changolango
11:45 Feudal Age
15:21 Castle Age
13:07 Horse Collar
13:58 Double-Bit Axe
18:06 Loom
18:46 Heavy Plow
24:37 Fletching
26:05 Wheelbarrow
25:17 Town Watch
26:41 Bodkin Arrow
30:07 Imperial Age
28:37 Husbandry
29:24 Ballistics
30:07 Scale Barding Armor
29:23 Light Cavalry
30:51 Forging
30:49 Bracer
31:51 Chemistry
32:51 Chain Barding Armor
33:55 Iron Casting
34:21 Hussar
36:44 Conscription
36:03 Crossbowman
36:59 Arbalester
37:45 Thumb Ring
马到成功
10:14 Feudal Age
14:14 Castle Age
13:16 Double-Bit Axe
15:10 Bow Saw
16:42 Wheelbarrow
19:24 Horse Collar
20:41 Hand Cart
26:26 Imperial Age
23:51 Loom
24:08 Gold Mining
25:58 Scale Barding Armor
26:04 Forging
26:10 Heavy Plow
26:02 Cavalier
27:51 Gold Shaft Mining
27:51 Bloodlines
27:44 Husbandry
29:14 Chain Barding Armor
29:31 Savar
31:07 Plate Barding Armor
32:05 Iron Casting
34:04 Blast Furnace
34:56 Stone Mining
35:42 Crop Rotation
38:08 Conscription
38:30 Stone Shaft Mining
椰子乏味
10:25 Feudal Age
11:40 Loom
11:47 Loom
14:31 Castle Age
13:02 Horse Collar
13:14 Double-Bit Axe
15:37 Squires
15:38 Scale Mail Armor
15:55 Bow Saw
18:18 Chain Mail Armor
18:12 Arson
18:53 Forging
21:25 Iron Casting
34:10 Herbal Medicine
PIGGY FOR AGE
10:57 Feudal Age
12:04 Double-Bit Axe
14:30 Castle Age
12:28 Horse Collar
16:20 Bow Saw
16:47 Scale Mail Armor
20:54 Squires
21:31 Forging
21:49 Arson
22:41 Chain Mail Armor
22:17 Hamask
26:09 Wheelbarrow
26:32 Heavy Plow
32:58 Imperial Age
30:53 Hand Cart
31:54 Iron Casting
31:17 Gold Mining
31:18 Stone Mining
31:22 Loom
31:22 Town Watch
33:02 Gold Shaft Mining
34:03 Conscription
34:46 Blast Furnace
33:14 Elite Varangian Guard
35:21 Plate Mail Armor
38:07 Caravan
38:14 Fletching
shenxu
11:14 Feudal Age
12:08 Double-Bit Axe
12:32 Horse Collar
14:52 Castle Age
15:48 Bow Saw
15:39 Heavy Plow
16:47 Wheelbarrow
23:50 Loom
24:35 Fletching
28:19 Imperial Age
26:25 Bodkin Arrow
27:49 Squires
28:55 Scale Mail Armor
29:04 Elite Hearth Troop
29:56 Arson
30:34 Conscription
31:39 Chemistry
32:04 Chain Mail Armor
32:33 Hand Cart
32:04 Town Watch
33:26 Plate Mail Armor
33:22 Ballistics
34:47 Forging
34:30 Gold Mining
34:30 Stone Mining
35:08 Shield Wall
35:51 Caravan
37:08 Coinage
37:07 Treadmill Crane
Connection lost

Rejoining the realm…

Still unreachable

The connection could not be restored.

Session expired

The server has moved on; the page needs a fresh start.